 Dungeon Crawl Stone Soup version 0.27-a0-54-g64bdb92e38 (webtiles) character file.

Game seed: 471485273702512516

65 lunkers the Vexing (level 3, -4/24 HPs)
             Began as a Vampire Enchanter on Jan 7, 2021.
             Killed from afar by Terence (10 damage)
             ... with a puff of flame
             ... on level 2 of the Dungeon.
             The game lasted 00:02:25 (1232 turns).

lunkers the Vexing (Vampire Enchanter)              Turns: 1232, Time: 00:02:25

Health: -4/24      AC:  3    Str:  7    XL:     3   Next: 92%
Magic:  6/6        EV: 12    Int: 18    God:
Gold:   50         SH:  0    Dex: 14    Spells: 0/6 levels left

rFire    . . .     SeeInvis +   a - +1 dagger
rCold    . . .     Faith    .   (no shield)
rNeg     . . .     Spirit   .   b - +0 robe
rPois    .         Reflect  .   (no helmet)
rElec    .         Harm     .   (no cloak)
rCorr    .         Rampage  .   i - +0 pair of gloves
Will     .....                  (no boots)
Stlth    +++.......             (no amulet)
HPRegen  0.28/turn              (no ring)
MPRegen  0.10/turn              (no ring)

@: regenerating quickly
A: fangs 3, see invisible, unbreathing
a: Exsanguinate


You were on level 2 of the Dungeon.
You visited 1 branch of the dungeon, and saw 2 of its levels.

You collected 50 gold pieces.

Inventory:

Hand Weapons
 a - a +1 dagger (weapon)
Armour
 b - a +0 robe (worn)
 i - a +0 pair of gloves (worn)
Scrolls
 c - 2 scrolls of amnesia {unknown}
 d - a scroll of teleportation {unknown}
 j - a scroll of enchant armour {unknown}
 k - a scroll of fog {unknown}
 m - a scroll of magic mapping {unknown}
Potions
 e - 3 potions of lignification {unknown}
 f - a potion of berserk rage {unknown}
 g - 2 potions of magic {unknown}
 h - a potion of resistance {unknown}
 l - a potion of curing {unknown}
 n - a potion of haste {unknown}


   Skills:
 + Level 2.6 Short Blades
 - Level 2.1 Dodging
 + Level 5.5 Stealth
 - Level 2.0 Spellcasting
 + Level 5.5 Hexes


You couldn't memorise any spells.
You knew the following spells:

 Your Spells              Type           Power        Failure   Level
b - Ensorcelled Hibernat  Hex/Ice        22%          9%          2
c - Tukima's Dance        Hex            21%          5%          3
p - Corona                Hex            23%          1%          1

Your spell library contained the following spells:

 Spells                   Type           Power        Failure   Level
 Confusing Touch          Hex            21%          5%          3
 Dazzling Flash           Conj/Hex       22%          17%         3


Dungeon Overview and Level Annotations

Branches:
Dungeon (2/15)

Altars:
Makhleb

Annotations:
D:2 Terence


Innate Abilities, Weirdness & Mutations

Your natural rate of healing is unusually fast.
You have razor-sharp teeth.
You have supernaturally acute eyesight. (SInv)
You can survive without breathing.


Message History

There is an escape hatch in the floor here.
You enter the shallow water.
Moving in this stuff is going to be slow.
You enter the shallow water.
Moving in this stuff is going to be slow.
You see here 22 stones.
Terence is nearby!
Terence is nearby!
Terence is nearby!
Terence shouts!
Terence closely misses you.
Terence zaps a wand.
The puff of flame hits you!
Terence zaps a wand.
The puff of flame hits you!
Ouch! That really hurt!
* * * LOW HITPOINT WARNING * * *
Casting: Ensorcelled Hibernation (safe; 9% risk of failure)
Confirm with . or Enter, or press ? or * to list all spells.
Okay, then.
Terence zaps a wand.
The puff of flame hits you!
You die...

#####.#### #..# #.# #...#
#.######..#.#
#..#).....#@#
#....##...#.#
#...###..##.#
###.#.###..##.#
###...#..##..##.#
#...####.....##@# #.###
##..[####.# ###
##.#####...## #.# #.#
...##......# ##.# #.#
#####.##..## #..# #.#
#.##..#####.#######.#
##.#.....#.......<...#
####..#.#...#..#######..#
#.......#.....## #..#


You could see Terence.

Vanquished Creatures
  An adder (D:2)
  An ooze (D:2)
  A worm (D:1)
  3 dart slugs
  A leopard gecko (D:2)
  A ball python (D:2)
  2 giant cockroaches
  4 goblins
  2 hobgoblins
  4 jackals (D:1)
  8 bats
  3 frilled lizards
  7 kobolds
  2 rats
40 creatures vanquished.

Notes
Turn   | Place    | Note
-------+----------+-------------------------------------------
     0 | D:1      | lunkers the Vampire Enchanter began the quest for the Orb.
     0 | D:1      | Reached XP level 1. HP: 13/13 MP: 3/3
   130 | D:1      | Reached XP level 2. HP: 19/19 MP: 5/5
   176 | D:1      | Learned a level 2 spell: Ensorcelled Hibernation
   340 | D:1      | Reached skill level 5 in Hexes
   494 | D:1      | Reached skill level 5 in Stealth
   531 | D:1      | Reached XP level 3. HP: 24/24 MP: 6/6
   745 | D:2      | Found a burning altar of Makhleb.
   775 | D:2      | Found a faded altar of an unknown god.
  1039 | D:2      | Noticed Terence
  1050 | D:2      | Learned a level 3 spell: Tukima's Dance
  1232 | D:2      | Killed from afar by Terence

Illustrated notes

Levels and vault maps discovered:
D:1:      dpeg_arrival_brainrot, layout_rooms
D:2:      layout_rooms, overflow_temple_1_default,
          chequers_ecumenical_altar_island, minmay_misc_feat_x, uniq_terence

Skill      XL: |  1  2 |
---------------+-------+-----
Hexes          | 5 |  5.5
Short Blades   | 2 |  2.6
Stealth        | 5 |  5.5
Dodging        | |  2.1
Spellcasting   | |  2.0

Action                   || total
-------------------------++-------
Melee: Dagger            ||   131
       Bite              ||     7
 Cast: Ensorcelled Hiber ||     5
 Stab: Sleeping          ||    15
Armor: Robe              ||    31
Dodge: Dodged            ||    67

Table legend: (Time is in decaauts)
 A = Elapsed time spent in this place.
 B = Non-inter-level travel time spent in this place.
 C = Inter-level travel time spent in this place.
 D = Time resting spent in this place.
 E = Time spent auto-exploring this place.
 F = Levels seen in this place.
 G = Mean time per level.
                   A        B        C        D        E       F      G
               +--------+--------+--------+--------+--------+-----+--------+
         Total |   1221 |   1216 |      5 |     18 |    836 |   2 |  610.5 |
       Dungeon |   1221 |   1216 |      5 |     18 |    836 |   2 |  610.5 |
               +--------+--------+--------+--------+--------+-----+--------+

Top non-repeatable levels by time:
     D:1: 715 daAuts
     D:2: 505 daAuts
